 Dungeon Crawl Stone Soup version 0.20-a0-433-g9e36e56 (webtiles) character file.

79 Kriby the Skirmisher (level 4, 0/38 HPs)
             Began as a Mummy Fighter on Jan 4, 2017.
             Slain by an orc wizard
             ... wielding a +0 dagger
              (3 damage)
             ... on level 2 of the Dungeon.
             The game lasted 00:01:16 (2359 turns).

Kriby the Skirmisher (Mummy Fighter)                Turns: 2359, Time: 00:01:17

Health: 0/38       AC:  6    Str: 19    XL:     4   Next: 16%
Magic:  4/4        EV:  7    Int:  8    God:
Gold:   77         SH:  8    Dex: 11    Spells: 3/3 levels left

rFire  x . .     SeeInvis .     a - +0 war axe
rCold  + . .     Gourm    .     b - +0 scale mail
rNeg   + + +     Faith    .     c - +0 shield
rPois  ∞         Spirit   .     (no helmet)
rElec  .         Reflect  .     (no cloak)
rCorr  .         Harm     .     (no gloves)
MR     .....                    (no boots)
Stlth  ..........               (no amulet)
                                (no ring)
                                (no ring)

@: no status effects
A: no food or potions, fire vulnerability, cold resistance 1, negative energy
resistance 3, torment resistance, unbreathing
a: no special abilities


You were on level 2 of the Dungeon.
You were not hungry.

You visited 1 branch of the dungeon, and saw 3 of its levels.

You collected 77 gold pieces.

Inventory:

Hand Weapons
 a - a +0 war axe (weapon)
Armour
 b - a +0 scale mail (worn)
 c - a +0 shield (worn)
Jewellery
 d - an uncursed ring of protection from magic {unknown}
 g - an uncursed amulet of faith {unknown}
 l - a cursed ring of loudness {unknown}
Scrolls
 e - 2 scrolls of identify {unknown}
 f - a scroll of teleportation {unknown}
 h - a scroll of blinking {unknown}
 i - a scroll of magic mapping {unknown}
 k - a scroll of amnesia {unknown}
Books
 j - a book of Misfortune

   Spells                             Type                      Level
   a - Confusing Touch                Hexes                        1
   b - Confuse                        Hexes                        3
   c - Gell's Gravitas                Hexes/Translocation          3
   d - Petrify                        Transmutation/Earth          4
   e - Metabolic Englaciation         Hexes/Ice                    5
   f - Yara's Violent Unravelling     Hexes/Transmutation          5


   Skills:
 + Level 4.9 Fighting
 - Level 1.7 Axes
 - Level 2.4 Armour
 - Level 2.4 Shields


You had 3 spell levels left.
You didn't know any spells.

Dungeon Overview and Level Annotations

Branches:
Dungeon (3/15)

Altars:


Innate Abilities, Weirdness & Mutations

You do not eat or drink.
Your flesh is vulnerable to fire.
You are immune to poison.
Your flesh is cold resistant. (rC+)
You are immune to negative energy. (rN+++)
You are immune to unholy pain and torment.
You can survive without breathing.


Message History

The orc throws a tomahawk.
The tomahawk hits you but does no damage.
You see here a tomahawk.
A magic dart appears from out of thin air!
The magic dart hits you!
There is a stone staircase leading up here.
Something hits you.
You climb upwards.
There is a stone staircase leading down here.
You miss something. Something hits you but does no damage.
You hear some strange, mumbled words.
A puff of flame appears from out of thin air!
The puff of flame hits you! The fire burns you terribly!
* * * LOW HITPOINT WARNING * * *
Something hits you but does no damage.
You miss something.
Something hits you but does no damage. x2
You hit something. Something hits you.
* * * LOW HITPOINT WARNING * * *
You miss something. Something hits you.
You die...

######## #......########
###.####.....@{.#
#......#..#####.#
####............##.#
.............##.##.####
####..................# ########
##..........##......#.####.......
##.#.......###...##......#[......
...#.......###.#.###.###.........
.................# #.........####


There were no monsters in sight!

Vanquished Creatures
  Natasha (D:3)
  An ooze (D:1)
  3 dart slugs
  4 giant cockroaches
  6 goblins
  4 hobgoblins
  4 jackals
  A quokka (D:3)
  6 bats
  4 frilled lizards
  3 kobolds
  5 rats
42 creatures vanquished.

Notes
Turn   | Place    | Note
-------+----------+-------------------------------------------
     0 | D:1      | Kriby the Mummy Fighter began the quest for the Orb.
     0 | D:1      | Reached XP level 1. HP: 18/18 MP: 1/1
   317 | D:1      | Reached XP level 2. HP: 19/24 MP: 2/2
   929 | D:1      | Reached skill level 4 in Fighting
  1095 | D:1      | Reached XP level 3. HP: 30/30 MP: 3/3
  1684 | D:2      | Found a faded altar of an unknown god.
  2156 | D:3      | Noticed Natasha
  2171 | D:3      | Killed Natasha
  2171 | D:3      | Reached XP level 4. HP: 21/38 MP: 4/4
  2359 | D:2      | Slain by an orc wizard

Vault maps used:
D:1:      noname_arrival_rooms_in_the_neighbourhood, minivault_5,
          serial_bayou_pond_c, nrook_loot_triangle, minmay_misc_feat_columns
D:2:      chequers_ecumenical_altar_simple_redux, hangedman_decor_lopped
D:3:      uniq_natasha

Skill      XL: |  1  2 |
---------------+-------+-----
Fighting       | 4 |  4.9
Axes           | |  1.7
Armour         | |  2.4
Shields        | |  2.4

Action                   |  1- 3 |  4- 6 || total
-------------------------+-------+-------++-------
Melee: War axe           |   161 |     8 ||   169
Armor: Scale mail        |    98 |     6 ||   104
Dodge: Dodged            |    55 |     2 ||    57
Block: Shield            |    72 |     3 ||    75
